 Dungeon Crawl Stone Soup version 0.29.0-4-gdea44cf6ec (webtiles) character file.

Game seed: 3007354075328665003

280 qw the Chopper (level 6, 0/35 HPs)
             Began as a Tengu Warper on Aug 28, 2022.
             Slain by a black bear (12 damage)
             ... on level 3 of the Dungeon.
             The game lasted 00:00:22 (3665 turns).

qw the Chopper (Tengu Warper)                       Turns: 3665, Time: 00:00:22

Health: 0/35       AC:  3    Str: 17    XL:     6   Next: 27%
Magic:  10/10      EV: 14    Int: 14    God:
Gold:   70         SH:  4    Dex: 16    Spells: 9/9 levels left

rFire   . . .      SeeInvis .   Y - +0 hand axe
rCold   . . .      Faith    .   a - +0 buckler
rNeg    . . .      Spirit   .   e - +1 robe "Derhigoish" {Str+4 Dex+3}
rPois   .          Reflect  .   (helmet restricted)
rElec   .          Harm     .   (no cloak)
rCorr   .          Rampage  .   (no gloves)
Will    .....                   (boots unavailable)
Stlth   +.........              (no amulet)
HPRegen 0.11/turn               (no ring)
MPRegen 0.12/turn               (no ring)

@: flying quickly and evasively, quick
A: beak, talons 3, nimble flight
a: no special abilities


You were on level 3 of the Dungeon.
You visited 1 branch of the dungeon, and saw 3 of its levels.

You collected 70 gold pieces.


Innate Abilities, Weirdness & Mutations

You have a beak for a mouth.
You have claws for feet.
Your magical nature lets you fly swiftly and evasively.


   Skills:
 - Level 2.1 Fighting
 - Level 7.0 Axes
 - Level 1.0 Throwing
 - Level 1.1 Armour
 - Level 2.1 Dodging
 + Level 0.3 Shields
 - Level 2.0 Spellcasting
 - Level 2.4 Translocations


You had 9 spell levels left.
You didn't know any spells.
Your spell library contained the following spells:

 Spells                   Type           Power      Damage    Failure   Level
 Blink                    Tloc           16%        N/A       19%         2
 Gell's Gravitas          Tloc           8%         N/A       36%         3
 Lesser Beckoning         Tloc           8%         N/A       36%         3
 Teleport Other           Tloc           8%         N/A       36%         3
 Manifold Assault         Tloc           8%         N/A       98%         5

Inventory:

Hand Weapons
 f - a +0 flail
 Y - a +0 hand axe (weapon)
Armour
 a - a +0 buckler (worn)
 e - the +1 robe "Derhigoish" (worn) {Str+4 Dex+3}
   (You found it on level 2 of the Dungeon)

   Str:       It affects your strength (+4).
   Dex:       It affects your dexterity (+3).
Jewellery
 b - an amulet of the acrobat
Scrolls
 i - a scroll of teleportation
Potions
 d - a potion of curing {unknown}

Dungeon Overview and Level Annotations

Branches:
Dungeon (3/15)

Altars:

Annotations:
D:2 1 runed translucent door, Crazy Yiuf


Message History

Found a helmet.
The orc shouts!
You hit the orc but do no damage. The orc hits you but does no damage.
You hit the orc. You claw the orc.
You kill the orc!
You see here a +0 short sword.
You see here a +0 helmet.
A black bear comes into view.
The black bear growls angrily.
The black bear moves out of view.
You barely miss the black bear. You claw the black bear!
The black bear is moderately wounded.
The black bear barely misses you. The black bear closely misses you.
The black bear barely misses you.
You hit the black bear but do no damage.
You claw the black bear.
The black bear is moderately wounded.
The black bear bites you. The black bear claws you.
The black bear barely misses you.
You hit the black bear but do no damage.
The black bear is moderately wounded.
The black bear bites you. The black bear closely misses you.
The black bear claws you.
You slash the black bear!
You peck the black bear, but do no damage.
The black bear is severely wounded.
The black bear misses you. The black bear claws you. The black bear misses you.
You hit the black bear.
The black bear is severely wounded.
The black bear goes berserk!
You hit the black bear. Your peck misses the black bear.
The black bear is severely wounded.
The black bear bites you! The black bear claws you.
The black bear completely misses you.
You hit the black bear.
You claw the black bear, but do no damage.
The black bear is almost dead.
The black bear bites you!
You die...

....
.....
###......
..+......
#......
##.#..
#..h#
#8@8#
#...#
#7.8#
#...#
#7[8#
#...#
#8.7#
#...# ###
#8.8# #<#


You could see a black bear (berserk).

Vanquished Creatures
  Sigmund (D:2)
  Robin (D:2)
  An adder (D:2)
  A worm (D:3)
  3 dart slugs (D:1)
  An orc (D:3)
  5 ball pythons
  6 bats
  7 endoplasms
  7 giant cockroaches
  20 goblins
  9 hobgoblins
  5 quokkas (D:1)
  A frilled lizard (D:1)
  3 kobolds
  5 rats
76 creatures vanquished.

Notes
Turn   | Place    | Note
-------+----------+-------------------------------------------
     0 | D:1      | qw the Tengu Warper began the quest for the Orb.
     0 | D:1      | Reached XP level 1. HP: 12/12 MP: 4/4
     0 | D:1      | 0 ||| qw: Version: 0.1-a-89-g26bdef1
     0 | D:1      | 0 ||| qw: Game counter: 761
     0 | D:1      | 0 ||| qw: Always use a shield: true
     0 | D:1      | 0 ||| qw: God list: Okawaru
     0 | D:1      | 0 ||| qw: Allow faded altars: false
     0 | D:1      | 0 ||| qw: Do Orc after D:15 true
     0 | D:1      | 0 ||| qw: Do second Lair branch before Depths: true
     0 | D:1      | 0 ||| qw: Lair rune preference: random
     0 | D:1      | 0 ||| qw: Plans: Normal
     0 | D:1      | 0 ||| PLANNING D:1-11
    89 | D:1      | 89 ||| Stepping ~*~*~tactically~*~*~ (stealth).
    90 | D:1      | 90 ||| Stepping ~*~*~tactically~*~*~ (stealth).
   114 | D:1      | Reached XP level 2. HP: 16/17 MP: 6/6
   115 | D:1      | Reached skill level 3 in Axes
   553 | D:1      | 553 ||| Stepping ~*~*~tactically~*~*~ (hiding).
   655 | D:1      | 655 ||| Stepping ~*~*~tactically~*~*~ (hiding).
   682 | D:1      | Reached XP level 3. HP: 21/21 MP: 7/7
   960 | D:1      | Reached skill level 4 in Axes
  1244 | D:1      | 1244 ||| Stepping ~*~*~tactically~*~*~ (hiding).
  1346 | D:1      | 1346 ||| Stepping ~*~*~tactically~*~*~ (hiding).
  1349 | D:1      | 1349 ||| Stepping ~*~*~tactically~*~*~ (hiding).
  1550 | D:1      | 1550 ||| READING scroll labelled RIAHIY XUDU.
  1551 | D:1      | 1551 ||| READING scroll labelled APHEBE OREPTI.
  1674 | D:1      | 1674 ||| READING scroll labelled CON ZAFY BOKH.
  1675 | D:1      | 1675 ||| READING scroll labelled WEOTZY WALU.
  1679 | D:1      | 1679 ||| DRINKING 2 bubbling yellow potions.
  1680 | D:1      | 1680 ||| DRINKING 2 metallic grey potions.
  1681 | D:1      | 1681 ||| DROPPING scroll of blinking.
  1682 | D:1      | 1682 ||| DROPPING potion of magic.
  1683 | D:1      | 1683 ||| DROPPING potion of brilliance.
  1719 | D:2      | 1719 ||| STAIRDANCE
  1806 | D:2      | 1806 ||| STAIRDANCE
  1848 | D:2      | 1848 ||| DROPPING +0 club.
  1912 | D:2      | Found a faded altar of an unknown god.
  2044 | D:2      | 2044 ||| DROPPING +0 whip.
  2045 | D:2      | Found a runed translucent door.
  2046 | D:2      | Noticed Crazy Yiuf
  2253 | D:2      | Reached XP level 4. HP: 23/26 MP: 8/8
  2329 | D:2      | Identified the +0 robe of Vlad {-Tele rN++ Str+3 Int+2}
  2330 | D:2      | 2330 ||| Stepping ~*~*~tactically~*~*~ (stealth).
  2331 | D:2      | 2331 ||| Stepping ~*~*~tactically~*~*~ (stealth).
  2333 | D:2      | 2333 ||| Stepping ~*~*~tactically~*~*~ (stealth).
  2353 | D:2      | 2353 ||| DROPPING +2 hammer of protection.
  2387 | D:2      | 2387 ||| Stepping ~*~*~tactically~*~*~ (stealth).
  2463 | D:2      | Identified the +1 robe "Derhigoish" {Str+4 Dex+3}
  2628 | D:2      | Noticed Sigmund
  2642 | D:2      | Killed Sigmund
  2643 | D:2      | Reached skill level 6 in Axes
  2643 | D:2      | Gained mutation: Your magical nature lets you fly swiftly
                  | and evasively. [Tengu growth]
  2643 | D:2      | Reached XP level 5. HP: 8/30 MP: 9/9
  2643 | D:2      | Reached XP level 6. HP: 10/35 MP: 10/10
  2985 | D:2      | 2985 ||| Stepping ~*~*~tactically~*~*~ (stealth).
  3187 | D:2      | Noticed Robin
  3188 | D:2      | 3188 ||| Stepping ~*~*~tactically~*~*~ (hiding).
  3194 | D:2      | 3194 ||| Stepping ~*~*~tactically~*~*~ (stealth).
  3210 | D:2      | Killed Robin
  3211 | D:2      | Reached skill level 7 in Axes
  3513 | D:2      | 3513 ||| UPGRADING to +0 buckler.
  3518 | D:2      | 3518 ||| UPGRADING to +1 robe "Derhigoish" {Str+4 Dex+3}.
  3528 | D:2      | 3528 ||| DROPPING +0 leather armour.
  3529 | D:2      | 3529 ||| DROPPING +0 robe of Vlad {-Tele rN++ Str+3 Int+2}.
  3530 | D:2      | 3530 ||| READING scroll labelled JIRAYH RAVVER VEMP.
  3531 | D:2      | 3531 ||| READING scroll labelled PAMIN TOWYACIM.
  3532 | D:2      | 3532 ||| READING scroll labelled FODAEZ DIRO.
  3611 | D:3      | Identified the +2 shortbow of Pyuneim {venom, rCorr MP+9
                  | Dex-2}
  3654 | D:3      | Noticed a black bear
  3665 | D:3      | Slain by a black bear

Levels and vault maps discovered:
D:1:      psy_arrival_dodecagon, layout_loops_ring, minmay_misc_feat_enclosed
D:2:      layout_basic, nicolae_ecumenical_oubliette,
          nicolae_elevator_lobby_asterisk, uniq_robin, uniq_crazy_yiuf_cottage,
          uniq_sigmund
D:3:      layout_basic, serial_shops, shop, chequers_avenue

Skill      XL: |  1  2  3  4  5  6 |
---------------+-------------------+-----
Axes           | 3 4 6 7 |  7.0
Fighting       | |  2.1
Throwing       | |  1.0
Armour         | |  1.1
Dodging        | |  2.1
Shields        | |  0.3
Spellcasting   | |  2.0
Translocations | |  2.4

Action                   |  1- 3 |  4- 6 || total
-------------------------+-------+-------++-------
Melee: Hand axe          |   103 |    91 ||   194
       Kick              |    26 |    26 ||    52
       Peck              |     9 |    14 ||    23
       Punch             |     1 |     2 ||     3
Throw: Boomerang         |     7 |       ||     7
  Use: Scroll            |     4 |     3 ||     7
       Potion            |     2 |       ||     2
Armor: Leather armour    |    19 |    10 ||    29
       Robe              |       |     1 ||     1
Dodge: Dodged            |    55 |    49 ||   104

Table legend:
 A = Non-vault XP
 B = Vault XP
 C = Vault XP percentage of total XP
 D = Non-vault monster count
 E = Vault monster count
 F = Vault count percentage of total count
                 A         B        C        D         E       F
            +---------+---------+-------+---------+---------+-------
      Total |     133 |     268 |  66.8 |      63 |      13 |  17.1
            +---------+---------+-------+---------+---------+-------
        D:1 |      69 |       0 |   0.0 |      35 |       0 |   0.0
        D:2 |      52 |     268 |  83.8 |      24 |      13 |  35.1
        D:3 |      12 |       0 |   0.0 |       4 |       0 |   0.0
            +---------+---------+-------+---------+---------+-------
